 Dungeon Crawl Stone Soup version 0.19.5 (webtiles) character file.

698 Azzok the Fighter (level 7, -6/73 HPs)
             Began as a Minotaur Fighter on Aug 2, 2017.
             Killed by divine providence
             ... invoked by an orc priest
              (16 damage)
             ... on level 4 of the Dungeon.
             The game lasted 00:08:32 (4774 turns).

Azzok the Fighter (Minotaur Fighter)                Turns: 4774, Time: 00:08:33

Health: -6/73      AC:  9    Str: 21    XL:     7   Next: 38%
Magic:  6/6        EV:  3    Int:  5    God:
Gold:   193        SH:  9    Dex: 11    Spells: 0 memorised, 6 levels left

rFire  + . .     SeeInvis .     o - +0 dagger (venom)
rCold  . . .     Gourm    .     s - -2 plate armour (curse)
rNeg   + . .     Faith    .     c - +0 shield
rPois  .         Spirit   .     (helmet restricted)
rElec  .         Reflect  .     (no cloak)
rCorr  .         Harm     .     (no gloves)
MR     .....                    (no boots)
Stlth  ..........               (no amulet)
                                A - ring of positive energy
                                l - ring of protection from fire

@: no status effects
A: retaliatory headbutt, horns 2
a: no special abilities


You were on level 4 of the Dungeon.
You were not hungry.

You visited 1 branch of the dungeon, and saw 5 of its levels.

You collected 250 gold pieces.
You spent 57 gold pieces at shops.

Inventory:

Hand Weapons
 a - a +0 long sword
 o - a +0 dagger of venom (weapon)
Missiles
 h - 55 arrows
Armour
 c - a +0 shield (worn)
 s - a cursed -2 plate armour (worn)
Jewellery
 l - a ring of protection from fire (left hand)
 A - a ring of positive energy (right hand)
Wands
 x - a wand of paralysis (9/24)
Scrolls
 g - 2 scrolls of teleportation {unknown}
 i - 7 scrolls of identify {unknown}
 k - 2 scrolls of remove curse {unknown}
 q - a scroll of amnesia {unknown}
 r - a scroll of noise {unknown}
 v - a scroll of fear {unknown}
 y - a scroll of recharging {unknown}
Potions
 b - 3 potions of degeneration {unknown}
 d - 2 potions of might
 e - a potion of haste {unknown}
 m - 2 potions of heal wounds {unknown}
 n - a potion of curing {unknown}
 u - a potion of agility {unknown}
Comestibles
 f - 6 bread rations {@e1}
 j - 5 chunks of flesh {@w0}
 p - 9 fruits
 t - a meat ration {@e2}
 w - a beef jerky
 z - a slice of pizza


   Skills:
 * Level 10.3 Fighting
 - Level 2.4 Long Blades
 - Level 3.6 Armour
 - Level 3.6 Shields


You had 6 spell levels left.
You didn't know any spells.

Dungeon Overview and Level Annotations

Branches:
Dungeon (5/15)
 Temple: D:4-7

Altars:
Cheibriados

Shops:
D:4 (


Innate Abilities, Weirdness & Mutations

You reflexively headbutt those who attack you in melee.
You have a pair of horns on your head.


Message History

* * * LOW HITPOINT WARNING * * *
The orc priest calls upon Beogh to heal the orc priest.
The orc priest is healed somewhat.
You take 1 damage, and have 21/72 hp.
You block the orc priest's attack.
The orc priest invokes the aid of Beogh against you.
Beogh smites you!
* * * LOW HITPOINT WARNING * * *
The orc throws a tomahawk.
The tomahawk hits you but does no damage.
You see here a tomahawk.
You take 12 damage, and have 9/72 hp.
You kill the orc priest!
The orc priest looks more healthy.
You hit the orc.
The orc is poisoned.
Your headbutt misses the orc.
The orc is lightly wounded.
The orc hits you but does no damage.
The orc priest calls down the wrath of Beogh upon you.
Beogh smites you!
You die...

▒▒▒·▒▒▒·▒ ▒·▒ ▒·▒ ▒
········▒ ▒·▒ ▒·▒ ▒
▒▒▒▒▒▒▒▒▒ ▒·▒ ▒·▒ ▒ ▒·▒
▒·▒ ▒ ▒·▒ ▒·▒ ▒
▒▒▒▒▒▒▒▒▒▒▒ ▒·▒ ▒·▒ ▒
··········▒▒▒▒▒ ▒·▒▒▒·▒ ▒
▒▒▒▒▒▒▒▒▒·▒···▒▒▒▒▒·▒▒··▒▒
▒
···············)@oo·[·▒··▒
▒▒▒············▒▒o·······▒
·············>·▒▒·▒▒▒▒···▒
······▒▒▒·▒····▒▒·▒ ▒·▒▒▒
▒·▒·▒·▒▒▒·▒··▒·▒▒·▒ ▒·▒
··········▒··▒·▒▒·▒ ▒·▒ ▒▒
▒·▒·▒·▒▒▒▒▒·)▒·▒▒·▒ ▒·▒ ▒·
▒·····▒▒▒▒▒··▒·▒▒·▒ ▒·▒ ▒·
▒▒▒··········▒·▒▒·▒ ▒·▒ ▒·


You could see an orc priest and 2 orcs.

Vanquished Creatures
  An ogre (D:4)
  2 orc wizards (D:4)
  6 orc priests
  2 iguanas (D:4)
  3 worker ants (D:4)
  4 adders
  8 gnolls
  An ooze (D:1)
  6 worms
  3 dart slugs
  2 leopard geckos
  8 orcs
  9 bats
  3 giant cockroaches
  6 goblins
  5 hobgoblins
  20 jackals
  A quokka (D:2)
  2 ball pythons
  3 frilled lizards
  8 kobolds
  12 rats
115 creatures vanquished.

Notes
Turn   | Place    | Note
-------+----------+-------------------------------------------
     0 | D:1      | Azzok the Minotaur Fighter began the quest for the Orb.
     0 | D:1      | Reached XP level 1. HP: 19/19 MP: 0/0
   125 | D:1      | Reached skill level 4 in Fighting
   208 | D:1      | Reached XP level 2. HP: 27/27 MP: 1/1
   590 | D:1      | Reached skill level 5 in Fighting
   700 | D:1      | Reached XP level 3. HP: 35/36 MP: 2/2
  1540 | D:2      | Reached skill level 6 in Fighting
  1540 | D:2      | Reached XP level 4. HP: 14/44 MP: 3/3
  1811 | D:2      | Found a snail-covered altar of Cheibriados.
  2513 | D:3      | Reached XP level 5. HP: 51/51 MP: 4/4
  2560 | D:3      | Reached skill level 7 in Fighting
  3159 | D:3      | Reached skill level 8 in Fighting
  3159 | D:3      | HP: 1/53 [orc priest/divine providence (13)]
  3165 | D:3      | Reached XP level 6. HP: 3/61 MP: 5/5
  3749 | D:4      | Found Gadovedgh's Weapon Boutique.
  3762 | D:4      | Bought a +0 dagger of venom for 57 gold pieces
  3810 | D:4      | Reached skill level 9 in Fighting
  4649 | D:5      | Entered Level 5 of the Dungeon
  4662 | D:4      | Reached XP level 7. HP: 67/71 MP: 6/6
  4683 | D:4      | Reached skill level 10 in Fighting
  4774 | D:4      | Killed from afar by an orc priest

Skill      XL: |  1  2  3  4  5  6  7 |
---------------+----------------------+-----
Fighting       | 4 5 6 8 9 10 | 10.3
Long Blades    | |  2.4
Armour         | |  3.6
Shields        | |  3.6

Action                   |  1- 3 |  4- 6 |  7- 9 || total
-------------------------+-------+-------+-------++-------
Melee: Long sword        |    87 |   135 |       ||   222
       Headbutt          |    14 |    35 |     6 ||    55
       Dagger            |       |    70 |    26 ||    96
  Eat: Chunk             |     2 |    10 |     1 ||    13
Armor: Scale mail        |    41 |    61 |       ||   102
       Plate armour      |       |    30 |    17 ||    47
Dodge: Dodged            |    37 |    51 |     4 ||    92
Block: Shield            |    39 |   103 |    22 ||   164
       Rpst.: Long sword |    14 |    17 |       ||    31
